 Dungeon Crawl Stone Soup version 0.31-a0-217-g58bb5d79cf (webtiles) character file.

Game seed: 17812849654397555332

21 Ijustatesigmund the Stinger (level 2, -1/18 HPs)
             Began as an Octopode Venom Mage on July 3, 2023.
             Slain by a quokka (2 damage)
             ... on level 2 of the Dungeon.
             The game lasted 00:01:31 (994 turns).

Ijustatesigmund the Stinger (Octopode Venom Mage)    Turns: 994, Time: 00:01:32

Health: -1/18      AC:  1    Str:  7    XL:     2   Next: 83%
Magic:  4/5        EV: 13    Int: 17    God:
Gold:   74         SH:  0    Dex: 12    Spells: 2/5 levels left

rFire   . . .        (no weapon)
rCold   . . .        (no shield)
rNeg    . . .        (helmet restricted)
rPois   .            (no amulet)
rElec   .            e - ring of willpower
rCorr   .            (no ring)
SInv    .            (no ring)
Will    +....        (no ring)
Stlth   +++          (no ring)
HPRegen 0.23/turn    (no ring)
MPRegen 0.09/turn    (no ring)
                     (no ring)

%: no passive effects
@: invisible (expiring)
A: almost no armour, amphibious, 8 rings, camouflage 1, gelatinous body 1,
(nimble swimmer 1), tentacles
a: no special abilities


You were on level 2 of the Dungeon.
You visited 1 branch of the dungeon, and saw 2 of its levels.

You collected 74 gold pieces.

Inventory:

Jewellery
 e - a ring of willpower (left tentacle)
 g - a ring of fire
Scrolls
 c - a scroll of immolation {unknown}
 d - a scroll of fog {unknown}
 f - a scroll of identify {unknown}
 h - a scroll of brand weapon {unknown}
Potions
 a - a potion of magic


   Skills:
 + Level 1.0 Fighting
 - Level 2.0 Dodging
 - Level 2.6 Stealth
 + Level 2.3 Spellcasting
 - Level 1.0 Transmutations
 + Level 0.5 Air Magic
 + Level 4.1 Poison Magic


You had 2 spell levels left.
You knew the following spells:

 Your Spells              Type           Power      Damage    Failure   Level
a - Sting                 Tmut/Pois      40%        1d5       7%          1
b - Poisonous Vapours     Pois/Air       18%        N/A       11%         2

Your spell library contained the following spells:

 Spells                   Type           Power      Damage    Failure   Level
 Mephitic Cloud           Conj/Pois/Air  7%         N/A       30%         3
 Olgreb's Toxic Radiance  Pois           15%        N/A       34%         4


Dungeon Overview and Level Annotations

Branches:
Dungeon (2/15)

Altars:


Innate Abilities, Weirdness & Mutations

You cannot wear most types of armour.
You are amphibious.
You can wear up to eight rings at the same time.
Your skin changes colour to match your surroundings (Stealth+).
Your rubbery body absorbs attacks. (AC +1, EV +1)
((You are camouflaged when in or above water. (Stealth+)))
You have tentacles for arms and can constrict up to eight enemies at once.


Message History

The worm closely misses you.
You tentacle-slap the worm.
The worm is moderately wounded.
You constrict the worm.
You tentacle-slap the worm but do no damage.
The worm is heavily wounded.
You constrict the worm. The worm bites you!
Ouch! That really hurt!
* * * LOW HITPOINT WARNING * * *
You are too injured to fight recklessly!
You are too injured to fight recklessly!
You are too injured to fight recklessly!
You are too injured to fight recklessly!
You release your grip on the worm.
The hobgoblin shouts!
A quokka comes into view.
It was a potion of invisibility.
You fade into invisibility!
The quokka barely misses you. The quokka closely misses you.
There is a stone staircase leading up here.
Casting: Poisonous Vapours (safe; 11% risk of failure)
Confirm with . or Enter, or press ? or * to list all spells.
Aiming: Sting (safe; 7% risk of failure)
Press: ? - help, Shift-Dir - straight line, f - quokka, p - worm
Aim: a quokka (unable to see you, 60% to hit)
The sting hits the quokka.
The quokka is poisoned.
The quokka is severely wounded.
You flicker for a moment.
The quokka barely misses you. x2
You tentacle-slap the quokka but do no damage.
Your grab misses the quokka.
The quokka is severely wounded.
The quokka bites you.
* * * LOW HITPOINT WARNING * * *
You closely miss the quokka. You grab the quokka.
The quokka is severely wounded.
You constrict the quokka, but do no damage.
The quokka bites you.
You die...

#.#####......##..
#....wg..........
#w#########......
#.......# ....#
#.#####.# .#.#
#.# # # #.# #r#
#@# ###


You could see a worm (wandering, unable to see you) and a quokka (unable to see
you, poisoned).

Vanquished Creatures
  A dart slug (D:1)
  3 ball pythons (D:1)
  A bat (D:1)
  3 endoplasms (D:1)
  A giant cockroach (D:1)
  2 goblins (D:1)
  2 hobgoblins (D:1)
  2 kobolds (D:1)
15 creatures vanquished.

Notes
Turn   | Place    | Note
-------+----------+-------------------------------------------
     0 | D:1      | Ijustatesigmund the Octopode Venom Mage began the quest for
                  | the Orb.
     0 | D:1      | Reached XP level 1. HP: 11/11 MP: 3/3
    10 | D:1      | Noticed an ogre
   247 | D:1      | Reached XP level 2. HP: 18/18 MP: 1/5
   255 | D:1      | Learned a level 2 spell: Poisonous Vapours
   454 | D:1      | Reached skill level 4 in Poison Magic
   458 | D:1      | Reached skill level 1 in Fighting
   994 | D:2      | Slain by a quokka

Illustrated notes

Levels and vault maps discovered:
D:1:      evilmike_arrival_come_back, layout_basic, st_stairs_4
D:2:      layout_basic, hangedman_decor_growths

Skill      XL: |  1  2 |
---------------+-------+-----
Poison Magic   | 4 |  4.1
Fighting       | 1 |  1.0
Dodging        | |  2.0
Stealth        | |  2.6
Spellcasting   | |  2.3
Transmutations | |  1.0
Air Magic      | |  0.5

Action                     || total
---------------------------++-------
  Melee: Unarmed           ||    28
         Constrict         ||     8
         Tentacles         ||     4
   Cast: Sting             ||     7
         Poisonous Vapours ||     8
    Use: Potion            ||     1
   Stab: Distracted        ||     1
  Dodge: Dodged            ||    20

Table legend: (Time is in decaauts)
 A = Elapsed time spent in this place.
 B = Non-inter-level travel time spent in this place.
 C = Inter-level travel time spent in this place.
 D = Time resting spent in this place.
 E = Time spent auto-exploring this place.
 F = Levels seen in this place.
 G = Mean time per level.
                   A        B        C        D        E       F      G
               +--------+--------+--------+--------+--------+-----+--------+
         Total |    993 |    970 |     23 |    261 |    578 |   2 |  496.5 |
       Dungeon |    993 |    970 |     23 |    261 |    578 |   2 |  496.5 |
               +--------+--------+--------+--------+--------+-----+--------+

Top non-repeatable levels by time:
     D:1: 956 daAuts
     D:2: 36 daAuts
